 Dungeon Crawl Stone Soup version 0.30-a0-879-ga8ba668304 (console) character file.

Game seed: 7218933885294531691

154 Abuh the Slicer (level 5, -1/37 HPs)
             Began as a Gnoll Wanderer on Mar 13, 2023.
             Slain by an iguana (7 damage)
             ... on level 3 of the Dungeon.
             The game lasted 00:14:28 (2357 turns).

Abuh the Slicer (Gnoll Wanderer)                    Turns: 2357, Time: 00:14:29

Health: -1/37      AC:  4    Str: 11    XL:     5   Next: 35%
Magic:  8/9        EV: 12    Int: 12    God:
Gold:   59         SH:  0    Dex: 13    Spells: 9/10 levels left

rFire   . . .      SeeInvis .    a - +2 short sword
rCold   . . .      Faith    .    (no shield)
rNeg    . . .      Spirit   .    d - +0 robe
rPois   .          Reflect  .    l - +0 helmet
rElec   .          Rampage  .    (no cloak)
rCorr   .                        (no gloves)
Will    .....                    b - +0 pair of boots
Stlth   ++                       (no amulet)
HPRegen 0.26/turn                (no ring)
MPRegen 0.11/turn                (no ring)

@: no status effects
A: fangs 1, strong nose, distributed training
a: no special abilities


You were on level 3 of the Dungeon.
You visited 1 branch of the dungeon, and saw 3 of its levels.

You collected 59 gold pieces.

Inventory:

Hand Weapons
 a - a +2 short sword (weapon)
 r - a +1 heavy hand axe
Missiles
 i - a throwing net
Armour
 b - a +0 pair of boots (worn)
 d - a +0 robe (worn)
 g - a +0 leather armour
 l - a +0 helmet (worn)
 n - a +0 ring mail
Scrolls
 c - a scroll of fog
 f - 2 scrolls of amnesia {unknown}
 h - 2 scrolls of fear {unknown}
 k - a scroll of poison {unknown}
 o - a scroll of enchant armour {unknown}
Potions
 e - 3 potions of curing
 j - 2 potions of flight
 m - a potion of brilliance {unknown}
 p - 2 potions of heal wounds {unknown}
 q - a potion of degeneration {unknown}


   Skills:
 + Level 1.5 Fighting
 + Level 10.5 Short Blades
 + Level 1.5 Long Blades
 + Level 1.5 Axes
 + Level 1.5 Maces & Flails
 + Level 1.5 Polearms
 + Level 1.5 Staves
 + Level 1.5 Ranged Weapons
 + Level 1.5 Throwing
 + Level 3.0 Armour
 + Level 3.0 Dodging
 + Level 2.8 Stealth
 + Level 1.5 Shields
 + Level 1.5 Unarmed Combat
 + Level 3.2 Spellcasting
 + Level 1.2 Conjurations
 + Level 1.2 Hexes
 + Level 1.2 Summonings
 + Level 1.2 Necromancy
 + Level 1.2 Translocations
 + Level 1.2 Transmutations
 + Level 1.2 Fire Magic
 + Level 1.2 Ice Magic
 + Level 1.2 Air Magic
 + Level 2.4 Earth Magic
 + Level 1.2 Poison Magic
 + Level 1.7 Invocations
 + Level 1.5 Evocations


You had 9 spell levels left.
You knew the following spells:

 Your Spells              Type           Power      Damage    Failure   Level
a - Sandblast             Erth           14%        2d6       9%          1

Your spell library contained the following spells:

 Spells                   Type           Power      Damage    Failure   Level
 Stone Arrow              Conj/Erth      12%        3d7       34%         3
 Ignite Poison            Fire/Tmut/Pois 4%         N/A       41%         3
 Sticky Flame             Conj/Fire      4%         2d3       82%         4
 Ignition                 Fire           2%         3d3       100%        8


Dungeon Overview and Level Annotations

Branches:
Dungeon (3/15)

Altars:
Fedhas


Innate Abilities, Weirdness & Mutations

You have very sharp teeth.
Your uncanny sense of smell can sniff out nearby items.
Your experience applies equally to all skills.


Message History

The blast of sand hits the iguana but does no damage.
The iguana bites you.
Aiming: Sandblast (safe; 9% risk of failure)
Press: ? - help, Q - select action, (/) - cycle Shift-Dir - straight line, f/p - iguana
Aim: an iguana (83% to hit)
The blast of sand hits the iguana but does no damage.
The iguana bites you!
You hit the iguana but do no damage. The iguana bites you.
* * * LOW HITPOINT WARNING * * *
You barely miss the iguana. Your bite misses the iguana.
You closely miss the iguana. The iguana bites you.
* * * LOW HITPOINT WARNING * * *
You hit the iguana.
The iguana is lightly wounded.
You hit the iguana but do no damage. Your bite misses the iguana.
The iguana is lightly wounded.
The iguana bites you.
* * * LOW HITPOINT WARNING * * *
You hit the iguana but do no damage.
The iguana is lightly wounded.
You barely miss the iguana.
The iguana is lightly wounded.
The iguana barely misses you.
You hit the iguana.
The iguana is heavily wounded.
You barely miss the iguana. You bite the iguana, but do no damage.
The iguana is heavily wounded.
The iguana closely misses you.
You hit the iguana.
The iguana is severely wounded.
You hit the iguana but do no damage.
The iguana is severely wounded.
The iguana bites you.
* * * LOW HITPOINT WARNING * * *
You barely miss the iguana.
The iguana is severely wounded.
You hit the iguana but do no damage. Your bite misses the iguana.
The iguana is severely wounded.
The iguana bites you!
You die...

####### #...... #.##### #.# #.#
.###### #)# .....|. #.#
......l#################
#######.#####
.......@...............+
+............
....>...#####..........#
#######..####
............#..........# #......
.......####.#..........# ##.####
....... #...##.......# #.#### .......
###..#.......# #######..... .......#
###........<# #.....†....#
#.#.#.#.####...........# #.........>#
..#...♣P.......# #..........#
...P.PP..###### #..........'
...P.(..## ########..........#
.#......##### #.................†
#..........# #....)............#
#.†####.##.# #......†..###..####
#.#........#### #.........###.##
#†#.####......# #.........'...#
#.#.####.#.##.######.........#..#####
#.#.#<...#.##......#................#
#.#.######.##..........#.###.######.#
#.#........##.!........#.##..# #.#
#.###########..........#.#...# #.#
#......................#.#.#.# #.#
##############.........# ..#. #.#
#...'.....#+### #.# #.###.....# ∆ #.#


You could see an iguana.

Vanquished Creatures
  4 gnolls
  4 adders (D:2)
  4 worms
  A bat (D:1)
  6 endoplasms
  3 giant cockroaches
  3 goblins
  7 hobgoblins
  7 jackals
  6 kobolds
  5 quokkas
  2 ball pythons (D:2)
  6 frilled lizards
  6 rats
64 creatures vanquished.

Notes
Turn   | Place    | Note
-------+----------+-------------------------------------------
     0 | D:1      | Reached skill level 10 in Short Blades
     0 | D:1      | Abuh the Gnoll Wanderer began the quest for the Orb.
     0 | D:1      | Abuh set off with the following items: a +2 short sword, a
                  | +0 pair of boots, a scroll of fog, a +0 robe; and the
                  | following spell memorised: Sandblast; and the following
                  | spells available to memorise: Stone Arrow.
     0 | D:1      | Reached XP level 1. HP: 13/13 MP: 4/4
    95 | D:1      | Reached XP level 2. HP: 19/19 MP: 5/5
   244 | D:1      | Reached XP level 3. HP: 15/25 MP: 7/7
   591 | D:1      | Reached skill level 1 in Invocations
  1176 | D:2      | Reached skill level 1 in Fighting
  1176 | D:2      | Reached skill level 1 in Long Blades
  1176 | D:2      | Reached skill level 1 in Axes
  1176 | D:2      | Reached skill level 1 in Maces & Flails
  1176 | D:2      | Reached skill level 1 in Polearms
  1176 | D:2      | Reached skill level 1 in Staves
  1176 | D:2      | Reached skill level 1 in Ranged Weapons
  1176 | D:2      | Reached skill level 1 in Throwing
  1176 | D:2      | Reached skill level 1 in Shields
  1176 | D:2      | Reached skill level 1 in Unarmed Combat
  1176 | D:2      | Reached skill level 1 in Evocations
  1181 | D:2      | Reached XP level 4. HP: 6/32 MP: 8/8
  1446 | D:2      | Reached skill level 1 in Conjurations
  1446 | D:2      | Reached skill level 1 in Hexes
  1446 | D:2      | Reached skill level 1 in Summonings
  1446 | D:2      | Reached skill level 1 in Necromancy
  1446 | D:2      | Reached skill level 1 in Translocations
  1446 | D:2      | Reached skill level 1 in Transmutations
  1446 | D:2      | Reached skill level 1 in Fire Magic
  1446 | D:2      | Reached skill level 1 in Ice Magic
  1446 | D:2      | Reached skill level 1 in Air Magic
  1446 | D:2      | Reached skill level 1 in Poison Magic
  1539 | D:2      | Reached XP level 5. HP: 24/37 MP: 9/9
  1697 | D:2      | Found a blossoming altar of Fedhas.
  2357 | D:3      | Slain by an iguana

Illustrated notes

Levels and vault maps discovered:
D:1:      nzn_arrival_settlement, layout_basic, minmay_misc_feat_chi,
          item_on_display_b
D:2:      layout_rooms, basic_altar, dk_vineyard_2, kennysheep_generic_room_14
D:3:      layout_basic, dreamdust_ecumenical_altar_angels_and_demons,
          chequers_serial_rivers_room_b, st_stairs_12, serial_park_tiny_2,
          uniq_crazy_yiuf_cottage, uniq_robin

Skill      XL: |  1  2  3  4  5 |
---------------+----------------+-----
Short Blades   | | 10.5
Earth Magic    | 2 |  2.4
Invocations    | 1 |  1.7
Fighting       | 1 |  1.5
Long Blades    | 1 |  1.5
Axes           | 1 |  1.5
Maces & Flails | 1 |  1.5
Polearms       | 1 |  1.5
Staves         | 1 |  1.5
Ranged Weapons | 1 |  1.5
Throwing       | 1 |  1.5
Shields        | 1 |  1.5
Unarmed Combat | 1 |  1.5
Evocations     | 1 |  1.5
Spellcasting   | 3 |  3.2
Conjurations   | 1 |  1.2
Hexes          | 1 |  1.2
Summonings     | 1 |  1.2
Necromancy     | 1 |  1.2
Translocations | 1 |  1.2
Transmutations | 1 |  1.2
Fire Magic     | 1 |  1.2
Ice Magic      | 1 |  1.2
Air Magic      | 1 |  1.2
Poison Magic   | 1 |  1.2
Armour         | 3 |  3.0
Dodging        | 3 |  3.0
Stealth        | |  2.8

Action                     |  1- 3 |  4- 6 || total
---------------------------+-------+-------++-------
  Melee: Short sword       |   126 |   145 ||   271
         Bite              |     3 |    16 ||    19
         Punch             |       |     1 ||     1
   Cast: Sandblast         |       |    19 ||    19
    Use: Potion            |     6 |       ||     6
   Stab: Sleeping          |     2 |       ||     2
 Armour: Robe              |     3 |     6 ||     9
         Leather armour    |    20 |    28 ||    48
         Ring mail         |       |     4 ||     4
  Dodge: Dodged            |    49 |    75 ||   124

Table legend: (Time is in decaauts)
 A = Elapsed time spent in this place.
 B = Non-inter-level travel time spent in this place.
 C = Inter-level travel time spent in this place.
 D = Time resting spent in this place.
 E = Time spent auto-exploring this place.
 F = Levels seen in this place.
 G = Mean time per level.
                   A        B        C        D        E       F      G
               +--------+--------+--------+--------+--------+-----+--------+
         Total |   2231 |   2089 |    142 |    386 |   1171 |   3 |  743.7 |
       Dungeon |   2231 |   2089 |    142 |    386 |   1171 |   3 |  743.7 |
               +--------+--------+--------+--------+--------+-----+--------+

Top non-repeatable levels by time:
     D:1: 982 daAuts
     D:2: 861 daAuts
     D:3: 387 daAuts
